 Dungeon Crawl Stone Soup version 0.25.1-2-g60ff931df9 (webtiles) character file.

Game seed: 1382294142622539066

208677 MenacingMecha the Thaumaturge (level 18, -2/140 HPs)
             Began as a Gnoll Wizard on Oct 27, 2020.
             Was the Champion of Ashenzari.
             Slain by a naga warrior (6 damage)
             ... on level 4 of the Snake Pit on Nov 2, 2020.
             The game lasted 04:53:51 (61920 turns).

MenacingMecha the Thaumaturge (Gnoll Wizard)       Turns: 61920, Time: 04:53:51

Health: -2/140     AC: 12    Str: 13    XL:     18   Next: 79%
Magic:  14/35      EV: 18    Int: 32    God:    Ashenzari [******]
Gold:   2090       SH: 15    Dex: 16    Spells: 4/44 levels left

rFire    + . .     SeeInvis +   P - +0 dagger (distort) (curse)
rCold    . . .     Gourm    .   N - +2 buckler {rF+} (curse)
rNeg     . . .     Faith    .   x - +2 leather armour {rPois}
rPois    +         Spirit   .   u - +1 hat {Int+3}
rElec    .         Reflect  +   (no cloak)
rCorr    .         Harm     .   V - +0 pair of gloves
MR       ++...     Clarity  +   c - +2 pair of boots {run} (curse)
Stlth    +++++.....             E - amulet of reflection
HPRegen  0.33/turn              p - ring of protection from magic
MPRegen  0.24/turn              j - +6 ring of intelligence (curse)

@: lethally poisoned (-2 -> -26), confusing touch, constricted, quick
A: distributed training, fangs 1, strong nose
}: 1/15 runes: decaying
a: Curse Item, Scrying, Renounce Religion


You were on level 4 of the Snake Pit.
You worshipped Ashenzari.
Ashenzari was exalted by your worship.
You were not hungry.

You visited 7 branches of the dungeon, and saw 32 of its levels.
You also visited: Ossuary, Bailey, Gauntlet and Ice Cave.

You collected 4249 gold pieces.
You spent 2159 gold pieces at shops.

Inventory:

Hand Weapons
 P - a cursed +0 dagger of distortion (weapon)
Missiles
 g - 2 throwing nets
 m - 33 javelins
 w - 62 boomerangs (quivered)
 G - 162 poisoned darts
 O - 3 curare-tipped darts
Armour
 c - a cursed +2 pair of boots of running (worn)
 u - a +1 hat of intelligence (worn)
 x - a +2 leather armour of poison resistance (worn)
 N - a cursed +2 buckler of fire resistance (worn)
 V - a +0 pair of gloves (worn)
Jewellery
 i - the amulet of Dim Light {Faith rElec Int-5 Dex+4}
   (You found it in a bailey)

   [amulet of faith]

   It allows you to gain divine favour quickly.
   It affects your intelligence (-5).
   It affects your dexterity (+4).
   It insulates you from electricity.
 j - a cursed +6 ring of intelligence (right hand)
 o - an uncursed ring of fire
 p - a ring of protection from magic (left hand)
 v - an uncursed ring of ice
 E - an amulet of reflection (around neck)
Wands
 J - a wand of digging (3)
 K - a wand of clouds (6)
 M - a wand of acid (5)
 Q - a wand of iceblast (6)
 U - a wand of paralysis (17)
 Y - a wand of disintegration (10)
Scrolls
 a - 8 scrolls of fog
 l - 2 scrolls of holy word
 n - 11 scrolls of teleportation
 r - 9 scrolls of identify
 s - 3 scrolls of vulnerability
 y - 7 scrolls of magic mapping
 z - 5 scrolls of immolation
 B - a scroll of silence
 D - a scroll of enchant armour
 F - 2 scrolls of fear
 R - 3 scrolls of remove curse
 S - 2 scrolls of blinking
Potions
 b - 4 potions of ambrosia
 f - 4 potions of curing
 h - 7 potions of flight
 k - 3 potions of might
 q - 2 potions of brilliance
 t - a potion of lignification
 C - 3 potions of haste
 H - a potion of resistance
Miscellaneous
 I - a phantom mirror
 W - a box of beasts
 X - a phial of floods
 Z - a lightning rod (4/4)
Comestibles
 d - 21 rations


   Skills:
 + Level 12.0 Fighting
 + Level 12.0(16.1) Short Blades
 + Level 12.0 Long Blades
 + Level 12.0 Axes
 + Level 12.0 Maces & Flails
 + Level 12.0 Polearms
 + Level 12.0 Staves
 + Level 12.0 Slings
 + Level 12.0 Bows
 + Level 12.0 Crossbows
 + Level 12.0 Throwing
 + Level 12.0 Armour
 + Level 12.7 Dodging
 + Level 12.6 Stealth
 + Level 12.0(14.6) Shields
 + Level 12.0 Unarmed Combat
 + Level 13.6 Spellcasting
 + Level 10.4 Conjurations
 + Level 10.2 Hexes
 + Level 10.2 Charms
 + Level 10.4 Summonings
 + Level 10.2 Necromancy
 + Level 10.4 Translocations
 + Level 10.2 Transmutations
 + Level 10.2 Fire Magic
 + Level 10.2 Ice Magic
 + Level 10.2 Air Magic
 + Level 10.2 Earth Magic
 + Level 10.2 Poison Magic
 + Level 12.9 Invocations
 + Level 12.0 Evocations


You had 4 spell levels left.
You knew the following spells:

 Your Spells              Type           Power        Failure   Level  Hunger
a - Magic Dart            Conj           ####         1%          1    None
b - Blink                 Tloc           N/A          1%          2    None
c - Invisibility          Hex            ######..     6%          6    ###....
d - Slow                  Hex            ######..     1%          2    None
e - Shadow Creatures      Summ           N/A          5%          6    ###....
f - Mephitic Cloud        Conj/Pois/Air  ######..     1%          3    None
g - Ensorcelled Hibernat  Hex/Ice        ######       1%          2    None
h - Confusing Touch       Hex            ######..     1%          3    None
i - Tukima's Dance        Hex            ######..     1%          3    None
j - Sticky Flame          Conj/Fire      ######..     1%          4    None
l - Alistair's Intoxicat  Tmut/Pois      ######..     1%          5    None
m - Lesser Beckoning      Tloc           ######....   1%          3    None

Your spell library contained the following spells:

 Spells                   Type           Power        Failure   Level  Hunger
 Apportation              Tloc           ######       1%          1    None
 Corona                   Hex            ######.      1%          1    None
 Foxfire                  Conj/Fire      ####         1%          1    None
 Summon Butterflies       Summ           ######..     1%          1    None
 Call Imp                 Summ           ######..     1%          2    None
 Conjure Flame            Conj/Fire      ######..     1%          3    None
 Dazzling Flash           Conj/Hex       ######       1%          3    None
 Gell's Gravitas          Tloc           ######....   1%          3    None
 Ignite Poison            Fire/Tmut/Pois ######..     1%          3    None
 Inner Flame              Hex/Fire       ######..     1%          3    None
 Portal Projectile        Hex/Tloc       ######       1%          3    None
 Recall                   Summ/Tloc      N/A          1%          3    None
 Aura of Abjuration       Summ           ######....   1%          5    None
 Fireball                 Conj/Fire      ######....   1%          5    None
 Summon Demon             Summ           ######....   1%          5    None
 Summon Forest            Summ/Tloc      ######....   1%          5    None
 Summon Mana Viper        Hex/Summ       ######..     1%          5    None
 Dispersal                Tloc           ######....   5%          6    ###....
 Starburst                Conj/Fire      ######....   5%          6    ###....
 Ring of Flames           Chrm/Fire      ######....   32%         7    #####..
 Controlled Blink         Tloc           N/A          92%         8    ######.
 Disjunction              Tloc           ######....   92%         8    ######.
 Ignition                 Fire           ######....   94%         8    ######.


Dungeon Overview and Level Annotations

Branches:
Dungeon (15/15)            Temple (1/1) D:6            Lair (5/6) D:9
  Swamp (4/4) Lair:3        Snake (4/4) Lair:3          Orc (2/2) D:12
    Elf (0/3) Orc:2        Vaults (0/5) D:13         Depths (1/5) D:15
Ossuary (visited)          Bailey (visited)           IceCv (visited)
Gauntlet (visited)
  Slime: Lair:5-6

Altars:
Ashenzari
Cheibriados
Dithmenos
Elyvilon
Fedhas
Gozag
Hepliaklqana
Kikubaaqudgha
Makhleb
Nemelex Xobeh
Okawaru
Qazlal
Ru
Sif Muna
Trog
Uskayaw
Vehumet
Wu Jian
Xom
Yredelemnul
Zin
The Shining One
Beogh

Shops:
D:4 ([%   D:12 :%%*%   D:15 (   Orc:2 [=(*   Snake:2 (

Portals:
Trove: D:15 (give 6 scrolls of blinking)

Annotations:
D:2 exclusion: downstairs
D:9 exclusion: downstairs
Lair:2 exclusion: hydra
Lair:3 exclusion: oklob plant
Lair:4 exclusions: bullfrog, hydra and water moccasin
Lair:5 exclusion: oklob plant
Swamp:1 Jorgrun
Swamp:2 exclusions: 2 ghost crabs and shambling mangrove
Swamp:3 exclusion: upstairs
Snake:4 3 runed translucent doors, wjtupper's ghost, adept MiHu
Abyss:1 Azrael, Joseph, Sonja


Innate Abilities, Weirdness & Mutations

Your experience applies equally to all skills.
You have very sharp teeth.
Your uncanny sense of smell can sniff out nearby items.


Message History

Confirm with . or Enter, or press ? or * to list all spells.
Aiming: Tukima's Dance (safe; 1% risk of failure)
Press: ? - help, Shift-Dir - straight line, f/p - naga warrior
Aim: a naga warrior, wielding a +0 hand axe and wearing a +0 tower shield (heavily wounded, constricting you, catching its breath, chance to confuse on hit: 31%, chance to defeat MR: 43%)
The +0 hand axe dances into the air!
You feel sick. The guardian serpent hits you!!
* * * LOW HITPOINT WARNING * * *
You block the naga warrior's attack. The naga warrior constricts you.
Unknown command.
The naga warrior's grasp on you weakens, but your attempt to escape fails.
You feel sick.
The guardian serpent coils itself and waves its upper body at you.
The bolt of poison hits you!
You are lethally poisoned!
You resist.
* * * LOW HITPOINT WARNING * * *
The bolt of poison hits your +0 hand axe.
Your +0 hand axe completely resists.
The naga warrior hits you.
You die...

, ,** ,, #...##................
,,,, , ,, #...##................
* , *#...##................ , ,
* *#...##................ ,,,,
,,,, #...##................ , ,
#...##................ , * * *
######................
,,**###########N†...............
, *..........S@.(..............
** #######.###################.
##.#..§.##### #.
######...........#** #.
###.....N............, * #.
....................,,...# * #.
...........#.#........{..,.,* #.
........###..{###......(... * ##
......##......)..##........,,


You could see a naga warrior (catching breath), a guardian serpent (poisoned)
and a friendly +0 hand axe.

Vanquished Creatures
  the Lernaean hydra (Swamp:4)
  Rupert (D:15)
  6 nagarajas
  A dire elephant (D:15)
  A minotaur (Gauntlet)
  A jiangshi (D:15)
  Snorg (D:10)
  Josephine (D:15)
  17 hydras
  8 naga warriors
  A catoblepas (Lair:2)
  6 anacondas
  2 ghost crabs
  16 alligators
  3 centaur warriors
  A deep troll shaman (D:15)
  A tengu warrior (D:13)
  5 two-headed ogres
  2 orc high priests
  A thrashing horror (Gauntlet)
  6 shock serpents
  3 naga sharpshooters (Snake:2)
  Nergalle (Orc:2)
  A fire crab (Lair:5)
  A spriggan druid (Swamp:2)
  An unseen horror (shapeshifter) (Gauntlet)
  2 unseen horrors
  2 salamander mystics
  A naga ritualist (Snake:4)
  11 swamp dragons
  A phantasmal warrior (D:13)
  A necromancer (IceCv)
  6 orc knights
  A wolf spider zombie (D:14)
  3 ugly things
  3 mana vipers
  9 salamanders
  3 manticores
  6 cyclopes
  3 orc sorcerers
  21 black mambas
  2 centaur zombies
  An ice statue (IceCv)
  20 guardian serpents
  11 naga magi
  Maggie (D:10)
  A centaur skeleton (D:15)
  13 spiny frogs
  2 rime drakes
  11 freezing wraiths
  9 komodo dragons
  A tengu conjurer (D:13)
  8 trolls
  Grinder (D:3)
  10 tyrant leeches
  2 bog bodies
  A nameless horror (Snake:2)
  10 hippogriffs
  4 hornets
  3 slime creatures (Swamp:2)
  5 blink frogs (Lair:4)
  A shadow (D:12)
  28 yaks
  3 spriggans
  4 wraiths
  4 basilisks
  10 humans
  4 hogs (D:7)
  4 fire elementals (D:15)
  A hog (shapeshifter) (Gauntlet)
  A hungry ghost (D:8)
  10 vampire mosquitoes
  2 wargs
  30 nagas
  20 swamp worms
  8 insubstantial wisps
  A soldier ant (D:11)
  A hell hound (D:15)
  7 water moccasins
  An acid dragon (D:14)
  10 porcupines
  22 ice beasts
  5 sky beasts
  2 black bears
  A meliai simulacrum (D:14)
  A hornet zombie (D:9)
  27 orc warriors
  10 swamp drakes
  A phantom (D:9)
  An alligator simulacrum (IceCv)
  18 wolves
  9 ogres
  12 centaurs
  7 crocodiles
  A crocodile (shapeshifter) (Gauntlet)
  2 big kobolds
  21 bullfrogs
  3 scorpions
  A hornet simulacrum (Gauntlet)
  A water moccasin skeleton (D:10)
  An elephant simulacrum (IceCv)
  4 killer bees (D:9)
  8 wights
  3 howler monkeys (D:10)
  5 lava snakes
  7 crimson imps
  A wyvern simulacrum (Gauntlet)
  2 draconian simulacra (IceCv)
  3 quasits
  4 jellies
  2 gnoll shamans
  22 orc priests
  3 bullfrog skeletons
  8 hounds
  Jessica (D:8)
  6 iguanas
  30 orc wizards
  4 troll simulacra (IceCv)
  12 worker ants
  A polar bear simulacrum (IceCv)
  A spriggan simulacrum (IceCv)
  A wolf simulacrum (IceCv)
  2 small abominations (Gauntlet)
  5 centaur simulacra
  A big kobold zombie (Ossuary)
  4 hound zombies
  A hound skeleton (D:5)
  2 mummies (Ossuary)
  3 worker ant zombies
  8 gnolls
  A howler monkey skeleton (D:10)
  3 ogre simulacra (IceCv)
  9 adders
  2 naga simulacra (IceCv)
  5 shadow imps
  11 white imps (IceCv)
  An ooze (D:1)
  An adder skeleton (D:4)
  7 adder zombies
  4 worms
  2 dart slugs (D:2)
  3 leopard geckos
  76 orcs
  4 giant cockroaches
  A gnoll zombie (Ossuary)
  7 hobgoblins
  8 jackals
  3 quokkas
  2 ball pythons
  6 bats
  4 frilled lizards
  A giant cockroach zombie (D:5)
  11 goblins
  3 hobgoblin zombies (Ossuary)
  24 kobolds
  3 kobold zombies (Ossuary)
  3 quokka skeletons
  5 rats
  A plant (Lair:4)
939 creatures vanquished.

Vanquished Creatures (collateral kills)
  5 nagarajas
  An orc warlord (Orc:1)
  3 naga warriors
  A two-headed ogre (D:14)
  2 naga sharpshooters
  A spriggan druid (Swamp:4)
  A salamander mystic (Snake:4)
  2 naga ritualists
  A mana viper (Snake:3)
  3 salamanders
  4 guardian serpents
  A black mamba (Snake:3)
  4 naga magi
  A hornet (Swamp:2)
  A spriggan (Swamp:2)
  A yak (D:10)
  2 insubstantial wisps (Swamp:4)
  20 nagas
  A swamp drake (Swamp:4)
  5 orc warriors (Orc:2)
  An ogre (D:14)
  2 water moccasin zombies (Ossuary)
  A crimson imp (D:6)
  3 orc wizards
  3 orc priests
  An iguana (D:4)
  A big kobold zombie (Ossuary)
  A gnoll (D:10)
  An adder (D:3)
  2 adder zombies (Ossuary)
  A worm (D:2)
  13 orcs
  A bat (D:1)
  A gnoll zombie (Ossuary)
  A goblin (D:3)
  6 jackals
  A quokka (D:3)
  2 hobgoblin zombies (Ossuary)
  4 kobolds (D:2)
  3 kobold zombies (Ossuary)
  A leopard gecko skeleton (D:4)
  An orc zombie (Ossuary)
  A rat (D:3)
112 creatures vanquished.

Vanquished Creatures (others)
  3 nagarajas
  2 hydras
  7 naga warriors
  A centaur warrior (D:15)
  A death knight (D:13)
  A two-headed ogre (D:13)
  A shock serpent (Snake:3)
  3 naga sharpshooters
  An unseen horror (D:10)
  A spriggan druid (Swamp:2)
  A mana viper (Snake:2)
  An orc sorcerer (Orc:1)
  2 salamanders
  3 black mambas
  A naga mage (Snake:2)
  A gargoyle (D:10)
  2 freezing wraiths (IceCv)
  2 bog bodies (Swamp:1)
  15 dancing weapons
  A shadow (D:11)
  A fire elemental (Lair:5)
  A wyvern (Lair:5)
  A wraith (D:14)
  3 humans (D:13)
  A basilisk (D:14)
  4 vampire mosquitoes
  An insubstantial wisp (Swamp:4)
  3 orc warriors
  An ice beast (D:14)
  An eye of draining (D:14)
  An ogre (Orc:2)
  2 centaurs (D:14)
  4 lava snakes (Snake:3)
  A draconian simulacrum (IceCv)
  An orc priest (Orc:2)
  An iguana (D:12)
  2 worker ants
  2 centaur simulacra (IceCv)
  An ogre simulacrum (IceCv)
  A white imp (IceCv)
  8 orcs
  A ball python (Snake:3)
  A demonic plant (Gauntlet)
  5 fungi
  2 plants (Lair:3)
100 creatures vanquished.

Grand Total: 1151 creatures vanquished

Notes
Turn   | Place    | Note
-------+----------+-------------------------------------------
     0 | D:1      | MenacingMecha the Gnoll Wizard began the quest for the Orb.
     0 | D:1      | Reached XP level 1. HP: 13/13 MP: 8/8
   165 | D:1      | Reached XP level 2. HP: 19/19 MP: 6/10
   413 | D:1      | Learned a level 2 spell: Blink
   416 | D:1      | Learned a level 2 spell: Call Imp
   419 | D:1      | Learned a level 2 spell: Slow
   697 | D:1      | Reached XP level 3. HP: 25/25 MP: 9/11
   935 | D:2      | Found a white marble altar of Elyvilon.
  1219 | D:2      | Learned a level 3 spell: Conjure Flame
  1223 | D:2      | Learned a level 3 spell: Mephitic Cloud
  1382 | D:2      | Reached skill level 1 in Invocations
  1590 | D:2      | Reached skill level 1 in Fighting
  1590 | D:2      | Reached skill level 1 in Short Blades
  1590 | D:2      | Reached skill level 1 in Long Blades
  1590 | D:2      | Reached skill level 1 in Axes
  1590 | D:2      | Reached skill level 1 in Maces & Flails
  1590 | D:2      | Reached skill level 1 in Polearms
  1590 | D:2      | Reached skill level 1 in Staves
  1590 | D:2      | Reached skill level 1 in Slings
  1590 | D:2      | Reached skill level 1 in Bows
  1590 | D:2      | Reached skill level 1 in Crossbows
  1590 | D:2      | Reached skill level 1 in Throwing
  1590 | D:2      | Reached skill level 1 in Armour
  1590 | D:2      | Reached skill level 1 in Shields
  1590 | D:2      | Reached skill level 1 in Unarmed Combat
  1590 | D:2      | Reached skill level 1 in Evocations
  1590 | D:2      | Reached XP level 4. HP: 32/32 MP: 9/13
  2063 | D:3      | Reached skill level 1 in Hexes
  2063 | D:3      | Reached skill level 1 in Charms
  2063 | D:3      | Reached skill level 1 in Necromancy
  2063 | D:3      | Reached skill level 1 in Transmutations
  2063 | D:3      | Reached skill level 1 in Fire Magic
  2063 | D:3      | Reached skill level 1 in Ice Magic
  2063 | D:3      | Reached skill level 1 in Air Magic
  2063 | D:3      | Reached skill level 1 in Earth Magic
  2063 | D:3      | Reached skill level 1 in Poison Magic
  2547 | D:3      | Reached XP level 5. HP: 32/37 MP: 12/14
  2996 | D:3      | Found a sparkling altar of Nemelex Xobeh.
  3002 | D:3      | Found a basalt altar of Yredelemnul.
  3027 | D:3      | You fall into a shaft and drop 1 floor!
  3044 | D:4      | Found a sand-covered staircase.
  3053 | Ossuary  | Entered an ossuary
  3222 | Ossuary  | Reached XP level 6. HP: 30/44 MP: 12/16
  3739 | D:3      | Noticed Grinder
  3818 | D:4      | Reached skill level 5 in Dodging
  3843 | D:4      | Found Juamoim's Armour Shoppe.
  3970 | D:4      | Found Luxainyp's Weapon Shop.
  4084 | D:4      | Found Foywo's Food Shoppe.
  4216 | D:4      | Reached XP level 7. HP: 50/50 MP: 18/18
  4220 | D:4      | Learned a level 2 spell: Ensorcelled Hibernation
  4224 | D:4      | Learned a level 3 spell: Confusing Touch
  4228 | D:4      | Learned a level 3 spell: Tukima's Dance
  4516 | D:4      | Found a shattered altar of Ashenzari.
  4516 | D:4      | Found a burning altar of Makhleb.
  4915 | D:5      | Entered Level 5 of the Dungeon
  5012 | D:5      | Reached skill level 5 in Stealth
  5370 | D:5      | Reached XP level 8. HP: 57/57 MP: 19/19
  5999 | D:6      | Reached skill level 8 in Spellcasting
  6241 | D:6      | Found a staircase to the Ecumenical Temple.
  6247 | Temple   | Entered the Ecumenical Temple
  6385 | D:4      | Became a worshipper of Ashenzari the Shackled
  6453 | D:4      | Bought a +2 leather armour of poison resistance for 224
                  | gold pieces
  6520 | D:6      | Found a snail-covered altar of Cheibriados.
  7044 | D:7      | Found a flagged portal.
  7060 | Bailey   | Entered a bailey
  7137 | Bailey   | Identified the amulet of Dim Light {Faith rElec Int-5
                  | Dex+4}
  7142 | Bailey   | Reached XP level 9. HP: 65/65 MP: 17/21
  7251 | Bailey   | Found a bloodstained altar of Trog.
  7503 | D:7      | Found a stormy altar of Qazlal.
  8164 | D:7      | Reached skill level 5 in Invocations
  8435 | D:7      | Reached XP level 10. HP: 28/73 MP: 22/22
  9012 | D:7      | Reached * piety under Ashenzari
  9611 | D:8      | Reached skill level 5 in Fighting
  9611 | D:8      | Reached skill level 5 in Short Blades
  9611 | D:8      | Reached skill level 5 in Long Blades
  9611 | D:8      | Reached skill level 5 in Axes
  9611 | D:8      | Reached skill level 5 in Maces & Flails
  9611 | D:8      | Reached skill level 5 in Polearms
  9611 | D:8      | Reached skill level 5 in Staves
  9611 | D:8      | Reached skill level 5 in Slings
  9611 | D:8      | Reached skill level 5 in Bows
  9611 | D:8      | Reached skill level 5 in Crossbows
  9611 | D:8      | Reached skill level 5 in Throwing
  9611 | D:8      | Reached skill level 5 in Armour
  9611 | D:8      | Reached skill level 5 in Shields
  9611 | D:8      | Reached skill level 5 in Unarmed Combat
  9611 | D:8      | Reached skill level 5 in Evocations
  9864 | D:8      | Found a glowing silver altar of Zin.
  9958 | D:8      | Found a sparkling altar of Nemelex Xobeh.
  9958 | D:8      | Noticed Jessica
  9962 | D:8      | Killed Jessica
 11130 | D:9      | Reached ** piety under Ashenzari
 11147 | D:9      | Noticed a two-headed ogre
 11170 | D:9      | Killed a two-headed ogre
 11170 | D:9      | Reached skill level 9 in Spellcasting
 11407 | D:8      | Reached skill level 5 in Conjurations
 11407 | D:8      | Reached skill level 5 in Summonings
 11407 | D:8      | Reached skill level 5 in Translocations
 11623 | D:9      | Found a staircase to the Lair.
 12095 | D:9      | Reached XP level 11. HP: 81/81 MP: 21/24
 12380 | D:10     | Entered Level 10 of the Dungeon
 12501 | D:10     | Noticed Snorg
 12541 | D:10     | Noticed a two-headed ogre
 12646 | D:10     | Identified the +10 plate armour "Wurhitap" {rCorr Dex-5
                  | SInv}
 12713 | D:10     | Killed a two-headed ogre
 12958 | D:10     | Reached skill level 5 in Hexes
 12958 | D:10     | Reached skill level 5 in Charms
 12958 | D:10     | Reached skill level 5 in Necromancy
 12958 | D:10     | Reached skill level 5 in Transmutations
 12958 | D:10     | Reached skill level 5 in Fire Magic
 12958 | D:10     | Reached skill level 5 in Ice Magic
 12958 | D:10     | Reached skill level 5 in Air Magic
 12958 | D:10     | Reached skill level 5 in Earth Magic
 12958 | D:10     | Reached skill level 5 in Poison Magic
 13137 | D:10     | Noticed Maggie
 13143 | D:10     | Killed Maggie
 13182 | D:10     | Noticed Joseph
 13574 | D:10     | Killed Snorg
 13597 | D:10     | Noticed Sonja
 13617 | D:10     | Banished Sonja
 13705 | D:10     | Found a shimmering altar of Xom.
 13730 | D:10     | Found a shimmering altar of Xom.
 13732 | D:10     | Found a shimmering altar of Xom.
 13732 | D:10     | Found a shimmering altar of Xom.
 13732 | D:10     | Found a shimmering altar of Xom.
 13732 | D:10     | Found a shimmering altar of Xom.
 13743 | D:10     | Found a shimmering altar of Xom.
 14050 | Lair:1   | Entered Level 1 of the Lair of Beasts
 14209 | Lair:1   | Found a gate leading to a gauntlet.
 14240 | Gauntlet | Entered a Gauntlet
 14240 | Gauntlet | Found a runed translucent door.
 14240 | Gauntlet | Found a transporter.
 14240 | Gauntlet | Found a transporter.
 14240 | Gauntlet | Found a runed translucent door.
 14240 | Gauntlet | Found a transporter.
 14240 | Gauntlet | Noticed a death ooze
 14240 | Gauntlet | Noticed a harpy
 14246 | Gauntlet | Found a transporter.
 14246 | Gauntlet | Found a transporter.
 14249 | Gauntlet | Found a transporter.
 14250 | Gauntlet | a harpy changed into a polar bear
 14256 | Gauntlet | Found a transporter.
 14258 | Gauntlet | Found a transporter.
 14260 | Gauntlet | Found a transporter.
 14260 | Gauntlet | Found a large runed translucent door.
 14261 | Gauntlet | Found a transporter.
 14261 | Gauntlet | Found a large runed translucent door.
 14262 | Gauntlet | Found a large runed translucent door.
 14262 | Gauntlet | Found a large runed translucent door.
 14262 | Gauntlet | Found a runed translucent door.
 14262 | Gauntlet | Noticed a thrashing horror
 14263 | Gauntlet | Found a large runed translucent door.
 14264 | Gauntlet | Found a large runed translucent door.
 14265 | Gauntlet | Found a large runed translucent door.
 14265 | Gauntlet | Found a large runed translucent door.
 14266 | Gauntlet | Reached *** piety under Ashenzari
 14266 | Gauntlet | Found a runed translucent gate.
 14266 | Gauntlet | Found a runed translucent gate.
 14267 | Gauntlet | Found a runed translucent door.
 14267 | Gauntlet | Found a runed translucent gate.
 14267 | Gauntlet | Noticed a death drake
 14268 | Gauntlet | Found a transporter.
 14268 | Gauntlet | Found a transporter.
 14269 | Gauntlet | Identified the ring of the Cast Vote {rF+ rC+}
 14275 | Gauntlet | Identified the +0 helmet of the Imp {Regen+}
 14298 | Gauntlet | Found a runed translucent door.
 14308 | Gauntlet | Noticed a fire crab
 14310 | Gauntlet | a fire crab changed into a spriggan
 14313 | Gauntlet | Noticed a manticore
 14313 | Gauntlet | a jumping spider changed into a manticore
 14320 | Gauntlet | Noticed a salamander
 14320 | Gauntlet | a manticore changed into a salamander
 14368 | Gauntlet | Found a large runed translucent door.
 14369 | Gauntlet | Found a large runed translucent door.
 14370 | Gauntlet | Found a large runed translucent door.
 14370 | Gauntlet | Found a large runed translucent door.
 14371 | Gauntlet | Found a large runed translucent door.
 14372 | Gauntlet | Found a large runed translucent door.
 14373 | Gauntlet | Found a large runed translucent door.
 14373 | Gauntlet | Found a large runed translucent door.
 14420 | Gauntlet | Noticed a moth of wrath
 14422 | Gauntlet | a moth of wrath changed into a wind drake
 14432 | Gauntlet | Noticed an unseen horror
 14432 | Gauntlet | a rime drake changed into an unseen horror
 14440 | Gauntlet | Killed an unseen horror
 14718 | Gauntlet | HP: 4/83 [thrashing horror (1)]
 14738 | Gauntlet | Killed a thrashing horror
 14821 | Gauntlet | Identified the +6 falchion of Impatience {vorpal, Str+4
                  | Dex+4}
 14821 | Gauntlet | Noticed a minotaur
 14865 | Gauntlet | Killed a minotaur
 14865 | Gauntlet | Reached XP level 12. HP: 27/89 MP: 25/25
 14899 | Gauntlet | Identified the +7 dagger of Doors {chaos, rElec rN+ Str-5}
 15263 | D:4      | Bought a +1 pair of boots of running for 511 gold pieces
 15508 | Lair:1   | Reached skill level 10 in Spellcasting
 16859 | Lair:2   | Noticed a seven-headed hydra
 16905 | Lair:2   | Noticed a catoblepas
 16912 | Lair:2   | Killed a catoblepas
 17303 | Lair:2   | Reached **** piety under Ashenzari
 17993 | Lair:3   | Found a staircase to the Swamp.
 18542 | Lair:3   | Found a staircase to the Snake Pit.
 18645 | Lair:3   | Noticed a six-headed hydra
 19042 | Lair:4   | Noticed a five-headed hydra
 19170 | Lair:4   | Reached XP level 13. HP: 83/98 MP: 21/27
 20416 | Lair:5   | Found a frozen archway.
 20667 | IceCv    | Entered an ice cave
 21823 | IceCv    | Learned a level 4 spell: Sticky Flame
 21829 | IceCv    | Learned a level 5 spell: Fireball
 22256 | IceCv    | Found an ancient bone altar of Kikubaaqudgha.
 23132 | Lair:5   | Reached ***** piety under Ashenzari
 24126 | D:10     | Banished Joseph
 24252 | D:10     | Reached skill level 11 in Spellcasting
 25761 | D:11     | Reached XP level 14. HP: 104/106 MP: 26/29
 26240 | D:12     | Found Enyozxim's Food Shop.
 26295 | D:12     | Found Buckesa's Book Emporium.
 26329 | D:12     | Found Taegiduj's Food Shoppe.
 26329 | D:12     | Found a staircase to the Orcish Mines.
 26600 | D:12     | Found an iron altar of Okawaru.
 26654 | D:12     | Found Mugul's Food Boutique.
 26656 | D:12     | Found Nuagrit's Assorted Antiques.
 26660 | D:12     | Reached skill level 10 in Dodging
 27026 | Orc:1    | Entered Level 1 of the Orcish Mines
 27395 | Orc:2    | Entered Level 2 of the Orcish Mines
 28402 | Orc:2    | Noticed Nergalle
 28555 | Orc:2    | Reached skill level 10 in Stealth
 28768 | Orc:2    | Found a staircase to the Elven Halls.
 28795 | Orc:2    | Noticed an orc warlord
 29240 | Orc:1    | Killed an orc warlord
 29660 | Orc:1    | Found a roughly hewn altar of Beogh.
 30011 | Orc:2    | Reached skill level 10 in Invocations
 30065 | Orc:2    | Killed Nergalle
 30146 | Orc:2    | Paralysed by an orc sorcerer for 7 turns
 30200 | Orc:2    | Found a roughly hewn altar of Beogh.
 30274 | Orc:2    | Found Jyrghi's Jewellery Shoppe.
 30312 | Orc:2    | Found Romef's General Store.
 30459 | Orc:2    | Found Urof's Antique Weapon Shoppe.
 30521 | Orc:2    | Found Vidgh's Antique Armour Shoppe.
 30527 | Orc:2    | Bought a shiny buckler for 142 gold pieces
 30618 | D:12     | Bought a book of Party Tricks for 600 gold pieces
 30846 | D:3      | Killed Grinder
 31498 | D:13     | Reached XP level 15. HP: 114/114 MP: 30/30
 32170 | D:13     | Found a gate to the Vaults.
 32306 | D:14     | Found a shattered altar of Ashenzari.
 32799 | D:14     | Learned a level 5 spell: Alistair's Intoxication
 33798 | Swamp:1  | Entered Level 1 of the Swamp
 34118 | Swamp:1  | Reached XP level 16. HP: 122/122 MP: 28/31
 34231 | Swamp:1  | Noticed Jorgrun
 35692 | Swamp:2  | Reached skill level 12 in Spellcasting
 35811 | Swamp:2  | Reached skill level 10 in Fighting
 35811 | Swamp:2  | Reached skill level 10 in Short Blades
 35811 | Swamp:2  | Reached skill level 10 in Long Blades
 35811 | Swamp:2  | Reached skill level 10 in Axes
 35811 | Swamp:2  | Reached skill level 10 in Maces & Flails
 35811 | Swamp:2  | Reached skill level 10 in Polearms
 35811 | Swamp:2  | Reached skill level 10 in Staves
 35811 | Swamp:2  | Reached skill level 10 in Slings
 35811 | Swamp:2  | Reached skill level 10 in Bows
 35811 | Swamp:2  | Reached skill level 10 in Crossbows
 35811 | Swamp:2  | Reached skill level 10 in Throwing
 35811 | Swamp:2  | Reached skill level 10 in Armour
 35811 | Swamp:2  | Reached skill level 10 in Shields
 35811 | Swamp:2  | Reached skill level 10 in Unarmed Combat
 35811 | Swamp:2  | Reached skill level 10 in Evocations
 38297 | Swamp:3  | Found an opulent altar of Gozag.
 39177 | Orc:2    | Bought a pair of masterwork boots for 180 gold pieces
 39177 | Orc:2    | Identified the cursed +0 pair of boots "Zetuyth" {rC+} (You
                  | bought it in a shop on level 2 of the Orcish Mines)
 39177 | Orc:2    | Bought an embroidered scarf for 152 gold pieces
 39364 | Orc:2    | Bought an uncursed ring of protection from magic for 350
                  | gold pieces
 39768 | Lair:5   | Learned a level 3 spell: Lesser Beckoning
 39826 | Snake:1  | Entered Level 1 of the Snake Pit
 40172 | Snake:1  | Identified the cursed +1 broad axe "Hydrabane" {drain,
                  | *Rage rF++ Int+4} (You found it on level 13 of the Dungeon)
 40991 | Snake:1  | Reached ****** piety under Ashenzari
 41740 | Snake:2  | Found Xupt's Weapon Boutique.
 43317 | Snake:2  | Reached XP level 17. HP: 125/129 MP: 27/33
 45874 | Lair:5   | Identified a scroll of acquirement
 45875 | Lair:5   | Acquired 1460 gold pieces
 45885 | Lair:5   | Learned a level 6 spell: Shadow Creatures
 50109 | D:14     | Found a shimmering altar of Xom.
 50382 | D:15     | Entered Level 15 of the Dungeon
 50403 | D:15     | Noticed Josephine
 50430 | D:15     | Noticed Rupert
 50710 | D:15     | Found a portal to a secret trove of treasure.
 50872 | D:15     | Noticed Azrael
 50919 | D:15     | Banished Azrael
 51185 | D:15     | Killed Josephine
 51369 | D:15     | Found Zycunaxa's Weapon Boutique.
 51373 | D:15     | Reached skill level 13 in Spellcasting
 51538 | D:15     | Found a staircase to the Depths.
 51692 | D:15     | Killed Rupert
 51719 | Depths:1 | Entered Level 1 of the Depths
 52307 | Swamp:4  | Entered Level 4 of the Swamp
 52935 | Swamp:4  | Reached skill level 10 in Conjurations
 52935 | Swamp:4  | Reached skill level 10 in Summonings
 52935 | Swamp:4  | Reached skill level 10 in Translocations
 52997 | Swamp:4  | Noticed the 27-headed Lernaean hydra
 53010 | Swamp:4  | Killed the 27-headed Lernaean hydra
 53010 | Swamp:4  | Reached XP level 18. HP: 71/138 MP: 35/35
 54907 | Swamp:4  | Got a decaying rune of Zot
 55844 | D:12     | Learned a level 6 spell: Invisibility
 56019 | Snake:4  | Entered Level 4 of the Snake Pit
 56482 | Snake:3  | Reached skill level 10 in Hexes
 56482 | Snake:3  | Reached skill level 10 in Charms
 56482 | Snake:3  | Reached skill level 10 in Necromancy
 56482 | Snake:3  | Reached skill level 10 in Transmutations
 56482 | Snake:3  | Reached skill level 10 in Fire Magic
 56482 | Snake:3  | Reached skill level 10 in Ice Magic
 56482 | Snake:3  | Reached skill level 10 in Air Magic
 56482 | Snake:3  | Reached skill level 10 in Earth Magic
 56482 | Snake:3  | Reached skill level 10 in Poison Magic
 58519 | Snake:4  | HP: 6/140 [guardian serpent (22)]
 59906 | Snake:4  | Found a runed translucent gate.
 59907 | Snake:4  | Found a runed translucent gate.
 60358 | Snake:4  | HP: 5/140 [nagaraja/bolt of poison (16)]
 60892 | Snake:4  | Found a runed translucent gate.
 60893 | Snake:4  | Noticed wjtupper's ghost (adept MiHu)
 61920 | Snake:4  | HP: 4/140 [guardian serpent/bolt of poison (8)]
 61920 | Snake:4  | Slain by a naga warrior

Illustrated notes

Levels and vault maps discovered:
D:1:      dpeg_arrival_boxorama, layout_basic, minivault_26
D:2:      layout_basic, old_standard_altar
D:3:      layout_basic, grunt_temple_overflow_open, serial_park_tiny_pond,
          uniq_grinder
D:4:      layout_loops_corners, amethyst_overflow_temple_binary,
          chequers_ossuary_entry_cave, first_ration, serial_shops,
          nicolae_shop_window_shopping, kennysheep_little_box, shop_statue
D:5:      layout_loops_ring
D:6:      layout_loops_ring, lemuel_crystal_altar, minmay_temple_entry_waves,
          kennysheep_generic_room_7
D:7:      layout_basic, enter_bailey_3, grunt_livestock,
          nicolae_qazlal_style_of_elements
D:8:      layout_layer_cave, lemuel_doored_altar, minmay_misc_feat_four_crosses,
          nemelex_lonely_heart_becter
D:9:      layout_irregular_city, grunt_lair_entry_orc_guard_hut
D:10:     layout_basic, nicolae_xom_altar_mimics, uniq_sonja, uniq_joseph,
          uniq_maggie, uniq_snorg
D:11:     layout_cave_pools
D:12:     layout_roguey, serial_shops, shop_fountains, shop,
          nicolae_shop_statue_plus, shop_coins, nicolae_shop_window_shopping,
          basic_altar
D:13:     layout_loops_ring, ximxim_vaults_locker_room
D:14:     layout_cave_pods, old_standard_altar, ashenzari_altar_1
D:15:     hangedman_depths_entry_try_elsewhere_first, layout_small_grid,
          enter_trove_2, serial_shops, shop, minmay_misc_feat_doors,
          special_room [special_room_orc], uniq_azrael, uniq_josephine,
          uniq_rupert
Temple:   eino_wide_crystal_templ
Lair:1:   layout_layer_cave, gauntlet_entry_generic
Lair:2:   layout_regular_city, serial_bayou_shore_b, lemuel_fruit_fields,
          serial_bayou_shore_b
Lair:3:   layout_roguey, minmay_swamp_entry_reptiles,
          minmay_snake_entry_spellcaster, eino_small_chamber_without_monster,
          minmay_lair_oklob_chamber
Lair:4:   layout_roguey, hibernation_bobbens
Lair:5:   dpeg_oklob_gauntlet, layout_gridlike, portal_ice_cave_entry_ice_beasts
Swamp:1:  layout_falls_marsh, evilmike_swamp_ruin_rubble_1, swamp_pool5,
          uniq_jorgrun
Swamp:2:  layout_basic_swamp, evilmike_swamp_ruin_house_5
Swamp:3:  layout_basic_swamp, lemuel_altar_in_water
Swamp:4:  swamp_old_school, layout_basic_swamp
Snake:1:  layout_grid_maze
Snake:2:  layout_basic, serial_shops, nicolae_shop_stone
Snake:3:  nicolae_snake_nest, layout_honeycomb, st_stairs_5,
          grunt_ministairs_10, nicolae_snake_lava_pool
Snake:4:  snake_hunt, layout_grid_maze, gammafunk_ghost_necromancy, basic_altar,
          st_stairs_14, uniq_louise
Orc:1:    layout_caves, basic_altar
Orc:2:    grunt_orc_cross, layout_caves
Depths:1: layout_cave_pools, enter_ziggurat_d, hell_entry, abyss_entry,
          minmay_fire_ice_demons, serial_bayou_shore_b

Skill      XL: |  1  2  3  4  5  6  7  8  9 10 11 12 13 14 15 16 17 18 |
---------------+-------------------------------------------------------+-----
Conjurations   | 2 3 4 5 6 7 8 9 10 | 10.4
Summonings     | 2 3 4 5 6 7 8 9 10 | 10.4
Translocations | 2 3 4 5 6 7 8 9 10 | 10.4
Invocations    | 1 2 3 4 5 6 7 8 9 10 11 12 | 12.9
Fighting       | 1 2 3 4 5 6 7 8 9 10 11 12 | 12.0
Short Blades   | 1 2 3 4 5 6 7 8 9 10 11 12 | 12.0
Long Blades    | 1 2 3 4 5 6 7 8 9 10 11 12 | 12.0
Axes           | 1 2 3 4 5 6 7 8 9 10 11 12 | 12.0
Maces & Flails | 1 2 3 4 5 6 7 8 9 10 11 12 | 12.0
Polearms       | 1 2 3 4 5 6 7 8 9 10 11 12 | 12.0
Staves         | 1 2 3 4 5 6 7 8 9 10 11 12 | 12.0
Slings         | 1 2 3 4 5 6 7 8 9 10 11 12 | 12.0
Bows           | 1 2 3 4 5 6 7 8 9 10 11 12 | 12.0
Crossbows      | 1 2 3 4 5 6 7 8 9 10 11 12 | 12.0
Throwing       | 1 2 3 4 5 6 7 8 9 10 11 12 | 12.0
Armour         | 1 2 3 4 5 6 7 8 9 10 11 12 | 12.0
Shields        | 1 2 3 4 5 6 7 8 9 10 11 12 | 12.0
Unarmed Combat | 1 2 3 4 5 6 7 8 9 10 11 12 | 12.0
Evocations     | 1 2 3 4 5 6 7 8 9 10 11 12 | 12.0
Hexes          | 1 2 3 4 5 6 7 8 9 10 | 10.2
Charms         | 1 2 3 4 5 6 7 8 9 10 | 10.2
Necromancy     | 1 2 3 4 5 6 7 8 9 10 | 10.2
Transmutations | 1 2 3 4 5 6 7 8 9 10 | 10.2
Fire Magic     | 1 2 3 4 5 6 7 8 9 10 | 10.2
Ice Magic      | 1 2 3 4 5 6 7 8 9 10 | 10.2
Air Magic      | 1 2 3 4 5 6 7 8 9 10 | 10.2
Earth Magic    | 1 2 3 4 5 6 7 8 9 10 | 10.2
Poison Magic   | 1 2 3 4 5 6 7 8 9 10 | 10.2
Dodging        | 5 6 7 8 9 10 11 12 | 12.7
Stealth        | 5 6 7 8 9 10 11 12 | 12.6
Spellcasting   | 8 9 10 11 12 13 | 13.6

Action                   |  1- 3 |  4- 6 |  7- 9 | 10-12 | 13-15 | 16-18 || total
-------------------------+-------+-------+-------+-------+-------+-------++-------
Melee: Dagger            |    51 |   221 |   247 |   635 |   859 |  1138 ||  3151
       Bite              |    10 |    23 |    31 |    76 |    99 |   109 ||   348
       Punch             |       |     2 |     4 |    19 |    20 |       ||    45
Throw: Stone             |     3 |     1 |       |     2 |       |       ||     6
       Boomerang         |       |       |       |     3 |       |    12 ||    15
       Dart              |       |       |       |       |       |     2 ||     2
 Cast: Magic Dart        |    50 |    55 |    53 |    46 |    86 |   146 ||   436
       Call Imp          |     4 |    26 |     6 |     5 |    14 |     2 ||    57
       Blink             |     2 |       |       |     1 |     1 |    10 ||    14
       Slow              |       |    10 |       |    14 |    33 |    88 ||   145
       Mephitic Cloud    |       |     6 |     3 |     8 |    37 |    19 ||    73
       Conjure Flame     |       |     4 |       |     3 |       |     2 ||     9
       Ensorcelled Hiber |       |       |    42 |   149 |   149 |   294 ||   634
       Confusing Touch   |       |       |     8 |    24 |    46 |    75 ||   153
       Tukima's Dance    |       |       |     1 |     7 |    41 |    65 ||   114
       Sticky Flame      |       |       |       |       |     5 |    17 ||    22
       Fireball          |       |       |       |       |    16 |     7 ||    23
       Alistair's Intoxi |       |       |       |       |       |     9 ||     9
       Shadow Creatures  |       |       |       |       |       |    42 ||    42
       Lesser Beckoning  |       |       |       |       |       |     2 ||     2
       Invisibility      |       |       |       |       |       |     2 ||     2
Invok: Curse Item        |       |       |     4 |     1 |       |     3 ||     8
  Use: Scroll            |     1 |    13 |     2 |     9 |    10 |    16 ||    51
       Potion            |       |       |       |    11 |     2 |    10 ||    23
 Stab: Sleeping          |     3 |     5 |    40 |   113 |   103 |   158 ||   422
       Distracted        |       |     3 |     1 |     2 |     4 |     8 ||    18
       Confused          |       |     2 |     3 |    29 |    58 |    68 ||   160
       Held in net/web   |       |       |       |       |       |     1 ||     1
  Eat: Chunk             |     2 |     5 |    13 |    19 |    26 |    32 ||    97
       Ration            |       |     1 |       |     5 |     6 |    17 ||    29
Armor: Robe              |    14 |    37 |    32 |       |    11 |       ||    94
       Leather armour    |       |       |    21 |   128 |    84 |   142 ||   375
Dodge: Dodged            |    60 |   175 |   206 |   413 |   548 |   627 ||  2029
Block: Buckler           |       |       |       |       |    70 |   735 ||   805
       Reflection        |       |       |       |       |       |    80 ||    80
